APP
ELIZABETHTON TWINS @ PRINCETON RAYS
10/11/2047
 
TOP OF THE 1ST
Burlington Royals batting - Pitching for Pulaski Yankees : RHP Casey Shaw
Pitching: RHP Casey Shaw
Batting: RHB Devin Garrett 0-0: Called Strike
0-1: SINGLE (Groundball, 34S, EV 73.1 MPH) (infield hit)
Batting: RHB Jake Burkhart 0-0: Ball
Devin Garrett steals 2nd base (no throw)
1-0: Swinging Strike
1-1: Foul Ball, location: 2F
1-2: Ground out 4-3 (Groundball, 4, EV 86.3 MPH)
Devin Garrett to third
Batting: LHB Natanael Frois 0-0: Called Strike
0-1: Fly out, F8 (Flyball, 8RS, EV 82.5 MPH)
Batting: LHB Jason Smith 0-0: Ball
1-0: Ground out 1-3 (Groundball, 13, EV 81.9 MPH)
Top of the 1st over - 0 runs, 1 hit, 0 errors, 1 left on base; Burlington 0 - Pulaski 0
BOTTOM OF THE 1ST
Pulaski Yankees batting - Pitching for Burlington Royals : LHP Jose Trevino
Pitching: LHP Jose Trevino
Batting: RHB Fernando Cruz 0-0: Ball
1-0: Fly out, F8 (Line Drive, 8RM, EV 85.6 MPH)
Batting: LHB Aaron Caron 0-0: Foul Ball, location: 2F
0-1: SINGLE (Line Drive, 6D, EV 96.3 MPH)
Batting: LHB Yao-pang Tien 0-0: Swinging Strike
0-1: Foul Ball, location: 2F
0-2: Ball
1-2: Ball
2-2: Ball
3-2: SINGLE (Groundball, 13S, EV 75.6 MPH) (infield hit)
Aaron Caron to second
Batting: RHB Bryan Shackelford 0-0: Called Strike
0-1: 3-RUN HOME RUN (Flyball, 7LD, EV 106.9 MPH), Distance : 348 ft
Batting: LHB Javier Casas 0-0: Ball
1-0: Ball
2-0: Foul Ball, location: 2F
2-1: Ball
3-1: Fly out, F7 (Flyball, 78D, EV 85.0 MPH)
Batting: RHB Victor Quinones 0-0: Swinging Strike
0-1: Ball
1-1: Swinging Strike
1-2: Hit by Pitch
Batting: RHB Stephen Charbonneau 0-0: Ball
1-0: Fly out, F9 (Line Drive, 9, EV 92.5 MPH)
Bottom of the 1st over - 3 runs, 3 hits, 0 errors, 1 left on base; Burlington 0 - Pulaski 3
TOP OF THE 2ND
Burlington Royals batting - Pitching for Pulaski Yankees : RHP Casey Shaw
Batting: LHB Jason Mills 0-0: Called Strike
0-1: Foul Ball, location: 2F
0-2: Strikes out looking
Batting: RHB Jason Sloan 0-0: SINGLE (Groundball, 56S, EV 75.0 MPH) (infield hit)
Batting: LHB Jim Hollowell Pickoff Throw to First - Error! E1
Jason Sloan to second
0-0: Ball
1-0: Ball
2-0: Foul Ball, location: 2F
2-1: Swinging Strike
2-2: Strikes out looking
Batting: LHB Lapaele Keneke 0-0: Ball
Wild Pitch!
Jason Sloan to third
1-0: 2-RUN HOME RUN (Line Drive, 89XD, EV 103.8 MPH), Distance : 409 ft
Batting: RHB Josh Tull 0-0: Called Strike
0-1: Ball
1-1: Foul Ball, location: 2F
1-2: Strikes out swinging
Top of the 2nd over - 2 runs, 2 hits, 1 error, 0 left on base; Burlington 2 - Pulaski 3
BOTTOM OF THE 2ND
Pulaski Yankees batting - Pitching for Burlington Royals : LHP Jose Trevino
Batting: RHB Raul Bueno 0-0: Fly out, F4 (Line Drive, 4, EV 71.3 MPH)
Batting: RHB Gomes Povoena 0-0: Ball
1-0: Swinging Strike
1-1: Swinging Strike
1-2: Ball
2-2: Strikes out swinging
Batting: RHB Fernando Cruz 0-0: Ball
1-0: Ground out 4-3 (Groundball, 4M, EV 106.3 MPH)
Bottom of the 2nd over - 0 runs, 0 hits, 0 errors, 0 left on base; Burlington 2 - Pulaski 3
TOP OF THE 3RD
Burlington Royals batting - Pitching for Pulaski Yankees : RHP Casey Shaw
Batting: RHB Devin Garrett 0-0: Swinging Strike
0-1: Ball
1-1: Ground out 5-3 (Groundball, 56S, EV 82.5 MPH)
Batting: RHB Jake Burkhart 0-0: Ball
1-0: Called Strike
1-1: Called Strike
1-2: Strikes out swinging
Batting: LHB Natanael Frois 0-0: DOUBLE (Line Drive, 78D, EV 101.9 MPH)
Batting: LHB Jason Smith 0-0: Called Strike
0-1: Ball
Wild Pitch!
Natanael Frois to third
1-1: Ball
2-1: DOUBLE (Line Drive, 78D, EV 102.5 MPH)
Natanael Frois scores
Batting: LHB Jason Mills 0-0: Swinging Strike
0-1: Foul Ball, location: 2F
0-2: Ground out 5-3 (Groundball, 56, EV 105.6 MPH)
Top of the 3rd over - 1 run, 2 hits, 0 errors, 1 left on base; Burlington 3 - Pulaski 3
BOTTOM OF THE 3RD
Pulaski Yankees batting - Pitching for Burlington Royals : LHP Jose Trevino
Batting: LHB Aaron Caron 0-0: Ball
1-0: Ball
2-0: Ground out 5-3 (Groundball, 56S, EV 81.3 MPH)
Batting: LHB Yao-pang Tien 0-0: Called Strike
0-1: Ball
1-1: Ball
2-1: Ball
3-1: Foul Ball, location: 2F
3-2: Base on Balls
Batting: RHB Bryan Shackelford 0-0: Ball
1-0: Hit by Pitch
Yao-pang Tien to second
Batting: LHB Javier Casas 0-0: Ball
1-0: Foul Ball, location: 2F
1-1: Ball
2-1: Foul Ball, location: 2F
2-2: Foul Ball, location: 2F
2-2: Foul Ball, location: 2F
2-2: Ball
3-2: Fielders Choice at 2nd, 4-6 (Groundball, 4, EV 85.6 MPH)
Yao-pang Tien to third
Batting: RHB Victor Quinones 0-0: Foul Ball, location: 2F
0-1: Swinging Strike
0-2: Ball
Passed Ball!
Yao-pang Tien scores
Javier Casas to second
1-2: Strikes out looking
Bottom of the 3rd over - 1 run, 0 hits, 0 errors, 1 left on base; Burlington 3 - Pulaski 4
TOP OF THE 4TH
Burlington Royals batting - Pitching for Pulaski Yankees : RHP Casey Shaw
Batting: RHB Jason Sloan 0-0: Ball
1-0: Called Strike
1-1: Ball
2-1: Swinging Strike
2-2: Ball
3-2: Strikes out swinging
Batting: LHB Jim Hollowell 0-0: Ball
1-0: Ball
2-0: Ground out 5-3 (Groundball, 5, EV 103.8 MPH)
Batting: LHB Lapaele Keneke 0-0: Called Strike
0-1: Ground out 4-3 (Groundball, 4, EV 94.4 MPH)
Top of the 4th over - 0 runs, 0 hits, 0 errors, 0 left on base; Burlington 3 - Pulaski 4
BOTTOM OF THE 4TH
Pulaski Yankees batting - Pitching for Burlington Royals : LHP Jose Trevino
Batting: RHB Stephen Charbonneau 0-0: Ball
1-0: Ball
2-0: Fly out, F3 (Line Drive, 3, EV 66.9 MPH)
Batting: RHB Raul Bueno 0-0: Ground out 2-3 (Groundball, 2R, EV 68.1 MPH)
Batting: RHB Gomes Povoena 0-0: Ball
1-0: DOUBLE (Flyball, 7LD, EV 116.9 MPH)
Batting: RHB Fernando Cruz 0-0: Ball
1-0: Fly out, F7 (Line Drive, 7, EV 96.9 MPH)
Bottom of the 4th over - 0 runs, 1 hit, 0 errors, 1 left on base; Burlington 3 - Pulaski 4
TOP OF THE 5TH
Burlington Royals batting - Pitching for Pulaski Yankees : RHP Casey Shaw
Batting: RHB Josh Tull 0-0: Called Strike
0-1: Ball
1-1: Foul Ball, location: 2F
1-2: Foul Ball, location: 2F
1-2: Ball
2-2: Foul Ball, location: 2F
2-2: Strikes out looking
Batting: RHB Devin Garrett 0-0: Ball
1-0: Swinging Strike
1-1: Foul Ball, location: 2F
1-2: Ground out 6-3 (Groundball, 6, EV 108.1 MPH)
Batting: RHB Jake Burkhart 0-0: Ball
1-0: Foul Ball, location: 2F
1-1: Ball
2-1: Foul Ball, location: 2F
2-2: Ground out U3 (Groundball, 3, EV 88.8 MPH)
Top of the 5th over - 0 runs, 0 hits, 0 errors, 0 left on base; Burlington 3 - Pulaski 4
BOTTOM OF THE 5TH
Pulaski Yankees batting - Pitching for Burlington Royals : LHP Jose Trevino
Batting: LHB Aaron Caron 0-0: SINGLE (Groundball, 34D, EV 103.8 MPH)
Batting: LHB Yao-pang Tien 0-0: Called Strike
0-1: Swinging Strike
0-2: Ball
1-2: Ball
2-2: Foul Ball, location: 2F
2-2: Ball
3-2: Foul Ball, location: 2F
3-2: Foul Ball, location: 2F
3-2: Foul Ball, location: 2F
3-2: TRIPLE (Flyball, 78XD, EV 91.3 MPH)
Aaron Caron scores
Pitching: RHP Joel Cruz
Batting: RHB Bryan Shackelford 0-0: Called Strike
0-1: Ball
1-1: Ball
Wild Pitch!
Yao-pang Tien scores
2-1: Ball
3-1: Called Strike
3-2: SOLO HOME RUN (Flyball, 7LD, EV 93.8 MPH), Distance : 336 ft
Batting: LHB Javier Casas 0-0: Ball
1-0: Ball
2-0: Ball
3-0: Called Strike
3-1: Base on Balls
Batting: RHB Victor Quinones 0-0: Ball
1-0: Ball
2-0: Ball
3-0: Called Strike
3-1: SINGLE (Groundball, 25, EV 73.1 MPH) (infield hit)
Javier Casas to second
Batting: RHB Stephen Charbonneau 0-0: Called Strike
0-1: Foul Ball, location: 2F
0-2: Strikes out swinging
Batting: RHB Raul Bueno 0-0: Ball
1-0: DOUBLE (Flyball, 89D, EV 98.1 MPH)
Javier Casas scores
Victor Quinones to third
Batting: RHB Gomes Povoena 0-0: Ground out 5-3 (Groundball, 56, EV 92.5 MPH)
Victor Quinones scores
Batting: RHB Fernando Cruz 0-0: Called Strike
0-1: Ball
1-1: Ball
2-1: DOUBLE (Line Drive, 89M, EV 98.1 MPH)
Raul Bueno scores
Pitching: RHP Juan Hernandez
Batting: LHB Aaron Caron 0-0: Called Strike
0-1: Ball
1-1: Swinging Strike
1-2: Foul Ball, location: 2F
1-2: Foul Ball, location: 2F
1-2: Ball
2-2: Foul Ball, location: 2F
2-2: Ball
3-2: Fly out, F7 (Flyball, 78M, EV 90.0 MPH)
Bottom of the 5th over - 6 runs, 6 hits, 0 errors, 1 left on base; Burlington 3 - Pulaski 10
TOP OF THE 6TH
Burlington Royals batting - Pitching for Pulaski Yankees : RHP Casey Shaw
Batting: LHB Natanael Frois 0-0: Ball
1-0: Foul Ball, location: 2F
1-1: Ball
2-1: Called Strike
2-2: Strikes out swinging
Batting: LHB Jason Smith 0-0: Ground out 5-3 (Groundball, 56S, EV 76.9 MPH)
Batting: LHB Jason Mills 0-0: Called Strike
0-1: Ball
1-1: Ball
2-1: Ball
3-1: Base on Balls
Batting: RHB Jason Sloan 0-0: Called Strike
0-1: Ball
1-1: Ball
2-1: Ball
3-1: Ground out 5-3 (Groundball, 5, EV 88.8 MPH)
Top of the 6th over - 0 runs, 0 hits, 0 errors, 1 left on base; Burlington 3 - Pulaski 10
BOTTOM OF THE 6TH
Pulaski Yankees batting - Pitching for Burlington Royals : RHP Juan Hernandez
Batting: LHB Yao-pang Tien 0-0: Ball
1-0: Ball
2-0: Ball
3-0: Called Strike
3-1: Called Strike
3-2: Base on Balls
Batting: RHB Bryan Shackelford 0-0: Foul Ball, location: 2F
0-1: Swinging Strike
0-2: Ball
1-2: Ball
2-2: Ball
3-2: SINGLE (Groundball, 56D, EV 110.6 MPH)
Yao-pang Tien to second
Batting: LHB Javier Casas 0-0: Ball
1-0: Ball
2-0: Ball
3-0: Fly out, F9 (Flyball, 89XD, EV 95.0 MPH)
Runner from 2nd tags up, SAFE at 3rd, no throw by RF
Batting: RHB Victor Quinones 0-0: Ball
1-0: Ball
Passed Ball!
Yao-pang Tien scores
Bryan Shackelford to second
2-0: Foul Ball, location: 2F
2-1: Foul Ball, location: 2F
2-2: Strikes out swinging
Batting: RHB Stephen Charbonneau 0-0: Fly out, F9 (Line Drive, 9D, EV 88.1 MPH)
Bottom of the 6th over - 1 run, 1 hit, 0 errors, 1 left on base; Burlington 3 - Pulaski 11
TOP OF THE 7TH
Burlington Royals batting - Pitching for Pulaski Yankees : RHP Casey Shaw
Batting: LHB Jim Hollowell 0-0: Ground out 6-3 (Groundball, 6, EV 81.9 MPH)
Batting: LHB Lapaele Keneke 0-0: Ball
1-0: Foul Ball, location: 2F
1-1: Called Strike
1-2: Foul Ball, location: 2F
1-2: Ball
2-2: Foul Ball, location: 2F
2-2: Foul Ball, location: 2F
2-2: Foul Ball, location: 2F
2-2: Strikes out swinging
Pitching: LHP Eric Blais
Batting: RHB Josh Tull 0-0: Called Strike
0-1: Ball
1-1: Ball
2-1: Swinging Strike
2-2: Foul Ball, location: 2F
2-2: Ball
3-2: Foul Ball, location: 2F
3-2: Base on Balls
Batting: RHB Devin Garrett 0-0: Ball
Josh Tull steals 2nd base (no throw)
1-0: Swinging Strike
1-1: Swinging Strike
1-2: Foul Ball, location: 2F
1-2: Reached on error, E5 (Groundball, 5S, EV 77.5 MPH)
Josh Tull to third
Batting: RHB Jake Burkhart 0-0: Called Strike
Devin Garrett steals 2nd base (no throw)
0-1: Called Strike
0-2: Foul Ball, location: 2F
0-2: Ground out 1-3 (Groundball, P, EV 83.1 MPH)
Top of the 7th over - 0 runs, 0 hits, 1 error, 2 left on base; Burlington 3 - Pulaski 11
BOTTOM OF THE 7TH
Pulaski Yankees batting - Pitching for Burlington Royals : RHP Juan Hernandez
Batting: RHB Raul Bueno 0-0: Ball
1-0: Called Strike
1-1: Ground out 1-3 (Groundball, P, EV 89.4 MPH)
Batting: RHB Gomes Povoena 0-0: Called Strike
0-1: Ball
1-1: SINGLE (Line Drive, 78S, EV 103.8 MPH)
Batting: RHB Fernando Cruz 0-0: Ball
1-0: Foul Ball, location: 2F
1-1: Foul Ball, location: 2F
1-2: Foul Ball, location: 2F
1-2: Strikes out swinging
Pinch Hitting: LHB Jelle Meppelink 0-0: Foul Ball, location: 2F
0-1: Called Strike
0-2: Foul Ball, location: 2F
0-2: Ball
1-2: Foul Ball, location: 2F
1-2: Ball
2-2: Ball
3-2: SINGLE (Flyball, 9S, EV 90.6 MPH)
Gomes Povoena to second
Gomes Povoena to third
Pinch Hitting: LHB Vinny Pena 0-0: Foul Ball, location: 2F
0-1: Ball
Passed Ball!
Gomes Povoena scores
Jelle Meppelink to second
1-1: Called Strike
1-2: Ball
2-2: Foul Ball, location: 2F
2-2: Strikes out looking
Bottom of the 7th over - 1 run, 2 hits, 0 errors, 1 left on base; Burlington 3 - Pulaski 12
TOP OF THE 8TH
Burlington Royals batting - Pitching for Pulaski Yankees : LHP Eric Blais
Now at 1B: Vinny Pena
Now in RF: Jelle Meppelink
Pinch Hitting: RHB Mike Valenzuela 0-0: Called Strike
0-1: Ball
1-1: Ball
2-1: Ball
3-1: Swinging Strike
3-2: Foul Ball, location: 2F
3-2: Base on Balls
Batting: LHB Jason Smith 0-0: Called Strike
0-1: Ball
1-1: Swinging Strike
1-2: Ball
2-2: Strikes out swinging
Batting: LHB Jason Mills 0-0: Foul Ball, location: 2F
0-1: Fly out, F9 (Flyball, 9LM, EV 75.0 MPH)
Pinch Hitting: RHB Adam Bergeson 0-0: Called Strike
0-1: Swinging Strike
0-2: Fly out, F2 (Popup, 25F, EV 80.0 MPH)
Top of the 8th over - 0 runs, 0 hits, 0 errors, 1 left on base; Burlington 3 - Pulaski 12
BOTTOM OF THE 8TH
Pulaski Yankees batting - Pitching for Burlington Royals : RHP Juan Hernandez
Pitching: RHP Carlos Soto
Now at 1B: Rich Driscoll
Now in RF: Adam Bergeson
Batting: RHB Bryan Shackelford 0-0: Ball
1-0: Foul Ball, location: 2F
1-1: Ball
2-1: Ball
3-1: Base on Balls
Batting: LHB Javier Casas 0-0: SINGLE (Groundball, 3S, EV 66.9 MPH) (infield hit)
Bryan Shackelford to second
Batting: RHB Victor Quinones 0-0: Called Strike
0-1: Called Strike
0-2: Ball
1-2: Ball
Passed Ball!
Bryan Shackelford to third
Javier Casas to second
2-2: Ball
3-2: Foul Ball, location: 2F
3-2: SINGLE (Flyball, 78M, EV 93.1 MPH)
Bryan Shackelford scores
Javier Casas to third
Batting: RHB Stephen Charbonneau 0-0: SINGLE (Line Drive, 89S, EV 103.8 MPH)
Javier Casas scores
Victor Quinones to second
Batting: RHB Raul Bueno 0-0: Ball
1-0: Called Strike
1-1: Foul Ball, location: 2F
1-2: Foul Ball, location: 2F
1-2: Fly out, F8 (Flyball, 8LD, EV 101.3 MPH)
Batting: RHB Gomes Povoena 0-0: Foul Ball, location: 2F
0-1: Foul Ball, location: 2F
0-2: Ball
1-2: Ball
2-2: Grounds into double play, 5-4-3 (Groundball, 56, EV 87.5 MPH)
Bottom of the 8th over - 2 runs, 3 hits, 0 errors, 1 left on base; Burlington 3 - Pulaski 14
TOP OF THE 9TH
Burlington Royals batting - Pitching for Pulaski Yankees : LHP Eric Blais
Batting: LHB Jim Hollowell 0-0: Called Strike
0-1: Foul Ball, location: 2F
0-2: Strikes out swinging
Batting: LHB Lapaele Keneke 0-0: Ball
1-0: Ball
2-0: Ball
3-0: Called Strike
3-1: Ground out 4-3 (Groundball, 4, EV 103.8 MPH)
Batting: RHB Josh Tull 0-0: Swinging Strike
0-1: Ball
1-1: Fly out, F8 (Flyball, 8RS, EV 86.3 MPH)
Top of the 9th over - 0 runs, 0 hits, 0 errors, 0 left on base; Burlington 3 - Pulaski 14
Thursday, December 15th , 2022 - OOTP Baseball 23.9 Build 102